Map: Ley Lines

Players

HeroMarine - Winner!

  • Race: Terran Terran
  • Spawn Location: 1:00

A.I. 1 (Very Easy)

  • Race: Zerg Zerg
  • Spawn Location: 7:00

VOD

https://youtu.be/9Wt5Xkhq9cA?t=8903

Description

HeroMarine demo of his 200max 3base Marine Tank Medivac build, from his "real b2gm" youtube series, where he teaches a friend how to play terran sc2.

Time

  • Played on: Jan. 21, 2025, 11:50 a.m.
  • Length: 10:29
Show
View Real Time Build Order
Export as new Build Order

HeroMarine Terran - Winner!

Build Orders: Reaper Expand, Mech 

Get SALT Encoding   

  12  0:00  SCV  
  13  0:12  SCV  
  14  0:17  Supply Depot  
  14  0:24  SCV  
  15  0:38  SCV  
  15  0:39  Barracks  
  16  0:43  Refinery  
  16  0:50  SCV  
  17  1:02  SCV  
  18  1:14  SCV  
  19  1:26  Reaper  
  19  1:27  Orbital Command  
  20  1:38  Command Center  
  20  1:46  Supply Depot  
  20  1:53  SCV  
  21  1:58  Marine  
  22  2:05  SCV  
  22  2:07  Factory  
  23  2:15  Refinery  
  23  2:17  SCV  
  23  2:21  Barracks Reactor  
  24  2:29  SCV  
  25  2:41  SCV  
  26  2:49  Orbital Command  
  26  2:53  SCV, Factory Tech Lab  
  26  2:56  Marine  
  26  2:57  Marine  
  29  2:58  Bunker  
  29  3:05  SCV  
  30  3:11  Siege Tank  
  33  3:14  Marine x2  
  33  3:16  SCV, Supply Depot  
  33  3:17  SCV  
  37  3:28  SCV  
  37  3:29  SCV  
  37  3:32  Marine x2  
  41  3:40  SCV  
  42  3:41  SCV  
  42  3:44  Siege Tank  
  42  3:46  Command Center  
  46  3:50  Supply Depot  
  46  3:52  SCV  
  46  3:53  Marine  
  46  3:54  SCV  
  49  3:55  Marine  
  50  4:04  SCV  
  50  4:06  SCV  
  52  4:15  Barracks x2  
  52  4:16  SCV  
  53  4:17  Siege Tank  
  53  4:18  SCV  
  53  4:22  Marine  
  53  4:23  Supply Depot, Marine  
  59  4:28  SCV  
  59  4:30  SCV  
  61  4:36  Engineering Bay  
  61  4:37  Engineering Bay  
  61  4:40  SCV  
  61  4:44  SCV, Marine x2  
  65  4:46  Supply Depot  
  65  4:50  Siege Tank  
  68  4:53  SCV  
  68  4:56  SCV  
  68  4:59  Orbital Command  
  70  5:05  Terran Infantry Weapons Level 1, SCV, Terran Infantry Armor Level 1  
  70  5:06  Barracks Tech Lab  
  71  5:08  Barracks Tech Lab  
  71  5:09  SCV  
  71  5:12  Refinery  
  71  5:13  Refinery  
  72  5:15  Orbital Command  
  72  5:17  SCV, Marine x2  
  72  5:21  SCV  
  76  5:29  SCV, Supply Depot x2  
  76  5:33  SCV  
  76  5:34  Stimpack, Combat Shield, Marine  
  76  5:35  Marine x2  
  81  5:36  Marine  
  81  5:41  SCV  
  81  5:42  SCV  
  84  5:44  Supply Depot  
  84  5:45  SCV  
  84  5:49  Supply Depot  
  85  5:50  Siege Tank  
  85  5:55  Missile Turret  
  88  5:58  SCV x3  
  88  5:59  Missile Turret  
  88  6:02  Starport  
  91  6:04  Missile Turret  
  91  6:10  SCV x2  
  91  6:11  SCV, Marine x3  
  95  6:13  Marine  
  98  6:22  SCV x2  
  98  6:23  SCV  
  101  6:30  Barracks  
  101  6:31  Barracks  
  101  6:32  Siege Tank  
  104  6:34  SCV x2  
  104  6:35  SCV, Marine x3  
  104  6:36  Marine  
  104  6:38  Refinery  
  111  6:40  Refinery  
  111  6:41  Starport Reactor  
  111  6:44  Armory  
  111  6:46  SCV x2  
  113  6:47  SCV  
  113  6:50  Supply Depot  
  114  7:00  Factory  
  114  7:02  Factory  
  114  7:03  Marine x3  
  114  7:04  Barracks x2, Marine  
  114  7:06  Barracks  
  118  7:08  Siege Tank  
  118  7:12  Supply Depot  
  118  7:13  Supply Depot  
  120  7:15  Supply Depot  
  120  7:16  Supply Depot  
  120  7:18  Barracks Reactor x2  
  120  7:20  Medivac x2  
  120  7:21  Marine x3  
  127  7:30  Terran Infantry Armor Level 2  
  127  7:31  Marine  
  127  7:36  Supply Depot  
  128  7:38  Marine  
  128  7:39  Terran Vehicle Weapons Level 1, Marine x2  
  128  7:43  Factory Tech Lab  
  134  7:45  Factory Tech Lab  
  134  7:49  Marine  
  132  7:51  Barracks Reactor x2, Terran Infantry Weapons Level 2  
  132  7:53  Barracks Reactor  
  132  7:55  Marine x2  
  132  7:56  Supply Depot, Marine x3  
  132  7:57  Supply Depot x2, Marine x2  
  139  8:02  Medivac x2  
  143  8:07  Marine  
  143  8:09  Siege Tank  
  147  8:13  Marine x2  
  147  8:14  Marine x4, Siege Tank  
  156  8:20  Marine  
  156  8:25  Marine  
  158  8:27  Siege Tank  
  158  8:29  Marine  
  158  8:30  Marine x5  
  158  8:31  Marine x2  
  158  8:32  Marine x4  
  158  8:33  Supply Depot  
  173  8:35  Medivac x2  
  173  8:38  Marine  
  178  8:42  Marine  
  178  8:47  Marine x6  
  185  8:49  Marine x3  
  185  8:50  Marine x3  
  185  8:52  Siege Tank  
  185  8:55  Siege Tank  
  197  8:56  Marine  
  197  9:00  Marine  
  200  9:26  Marine  
Show
View Real Time Build Order
Export as new Build Order

A.I. 1 (Very Easy) Zerg 

Build Orders: Hatch First 

Get SALT Encoding   

  12  0:01  Drone  
  13  0:12  Overlord  
  13  0:17  Drone  
  14  0:42  Hatchery  
  13  0:44  Drone  
  14  1:01  Spawning Pool  
  14  1:03  Drone  
  14  1:09  Extractor  
  14  1:10  Drone  
  14  1:18  Overlord  
  14  1:49  Queen, Zergling x2  
  14  1:51  Zergling x2  
  18  1:57  Roach Warren  
  17  2:03  Drone  
  17  2:07  Extractor  
  17  2:11  Drone  
  18  2:16  Zergling x2  
  18  2:21  Drone  
  20  2:28  Drone  
  21  2:36  Drone  
  22  2:43  Drone  
  23  2:50  Drone  
  24  2:57  Drone  
  25  3:04  Drone  
  25  3:05  Roach  
  28  3:11  Overlord  
  28  3:15  Drone  
  29  3:22  Drone  
  30  3:30  Drone  
  31  3:37  Drone  
  32  3:44  Overlord  
  32  3:47  Drone  
  33  3:53  Lair, Roach  
  33  3:54  Drone  
  36  4:04  Drone  
  37  4:11  Drone  
  38  4:18  Drone  
  39  4:25  Drone  
  40  4:33  Drone  
  40  4:34  Overlord  
  41  4:40  Drone  
  41  4:42  Roach  
  44  4:47  Drone  
  44  4:52  Overseer  
  45  4:53  Overseer  
  45  4:54  Drone  
  46  5:00  Extractor  
  46  5:02  Drone  
  46  5:07  Extractor  
  46  5:09  Drone  
  46  5:16  Drone  
  47  5:23  Drone  
  48  5:31  Drone, Roach  
  51  5:38  Drone  
  52  5:45  Drone  
  53  7:03  Drone  
  52  7:10  Drone  
  53  8:06  Overseer  
  53  8:07  Overlord  
  53  8:51  Zergling x2  
  43  8:57  Overlord, Overseer  
  43  9:09  Drone  
  43  9:16  Drone  
  25  9:20  Zergling x2  
  25  9:23  Drone  
  27  9:33  Overseer  
  27  9:34  Drone  
Tags
 
Composition
Mech
Matchup
TvZ
Spawn Locations
Cross Positions
Add a new tag
Caveats
  • Supply blocks, unpowered buildings, or Contaminate may cause inaccurate times.
  • Supply counts are checked every 10 seconds.